Canadiens vs Flyers

Created - December 19, 2015 at 14:07

Goals
1 2 3 T
Canadiens 2 0 0 2
Flyers 1 2 0 3
Shots
1 2 3 T
Canadiens 9 11 7 27
Flyers 10 6 7 23

1st period

1. Canadiens , Blake Comeau 6 (Josh Bailey, Martin Hanzal) at 0:36
2. Flyers , Mike Santorelli 9 (Olli Jokinen, Tom Gilbert) at 5:03
3. Canadiens , Shawn Horcoff 5 (Jakob Silfverberg, Adam Larsson) at 9:57

Penalties :
No Penalty

2nd period

4. Flyers , Carl Hagelin 12 (Dan Boyle, Jean-Gabriel Pageau) at 5:12 (SH)
5. Flyers , Ryan Ellis 4 (Mike Santorelli, Carl Hagelin) at 19:47

Penalties :
Olli Jokinen (PHI) for High sticking (Minor) at 3:32, Dan Boyle (PHI) for Hooking (Minor) at 11:38, Jonathan Toews (MTL) for Holding (Minor) at 11:38

3rd period

No Goal

Penalties :
Olli Jokinen (PHI) for Hooking (Minor) at 1:09, Maxim Lapierre (PHI) for Holding Stick (Minor) at 14:21

Goalie Stats

Jonathan Bernier (MTL), 20 saves from 23 shots - (0.870), L, 12-9-3, 59:20 minutes
Frederik Andersen (PHI), 25 saves from 27 shots - (0.926), W, 7-4-2, 60:00 minutes

Players Stats for Canadiens

Player Name              G  A  P  +/- PIM S  H  SB GA TA FO     MP     PP MP  PK MP  
------------------------------------------------------------------------------------
Adam Larsson             0  1  1  -2  0   1  1  2  0  0  0/0    23:12   3:09   0:00 
Alexander Steen          0  0  0  -2  0   6  3  0  0  0  0/0    21:41   2:52   0:00 
Blake Comeau             1  0  1   1  0   2  2  0  0  0  1/1    19:36   3:05   0:00 
Cam Fowler               0  0  0  -1  0   2  1  2  0  0  0/0    19:02   3:09   0:00 
Chris Stewart            0  0  0   0  0   0  0  0  0  0  1/1     7:36   0:00   0:00 
Dale Weise               0  0  0   0  0   1  5  0  0  0  0/0    10:45   0:00   0:00 
Dan Girardi              0  0  0  -1  0   0  2  1  0  0  0/0    19:34   0:00   0:00 
Ian Cole                 0  0  0   1  0   1  1  0  0  0  0/0    21:29   2:48   0:00 
Jakob Silfverberg        0  1  1   0  0   2  0  0  0  0  1/1    10:22   0:00   0:00 
Jason Demers             0  0  0   1  0   2  1  0  0  0  0/0    21:03   2:48   0:00 
Jonathan Ericsson        0  0  0   0  0   0  7  0  0  0  0/0    15:40   0:00   0:00 
Jonathan Toews           0  0  0  -2  2   6  1  0  0  0  17/26  21:00   2:52   0:00 
Jordan Eberle            0  0  0  -2  0   2  2  0  0  0  1/3    21:50   2:52   0:00 
Josh Bailey              0  1  1   1  0   0  0  1  0  0  1/1    19:15   3:05   0:00 
Martin Hanzal            0  1  1   1  0   1  2  0  0  0  12/26  19:24   3:05   0:00 
Shawn Horcoff            1  0  1   0  0   1  0  0  0  0  4/10   11:19   0:00   0:00 
Stephen Gionta           0  0  0   0  0   0  1  0  0  0  1/7     7:36   0:00   0:00 
Tyler Kennedy            0  0  0   0  0   0  0  0  0  0  0/0     7:36   0:00   0:00 

Players Stats for Flyers

Player Name              G  A  P  +/- PIM S  H  SB GA TA FO     MP     PP MP  PK MP  
------------------------------------------------------------------------------------
Carl Hagelin             1  1  2   2  0   3  0  0  0  0  1/1    19:08   0:00   3:01 
Carlo Colaiacovo         0  0  0  -1  0   0  0  0  0  0  0/0    14:41   0:00   0:00 
Damien Brunner           0  0  0   0  0   1  0  0  0  0  0/1     2:53   0:00   0:00 
Damon Severson           0  0  0   0  0   0  1  0  0  0  0/0    17:19   0:00   0:00 
Dan Boyle                0  1  1   2  2   0  0  2  0  0  0/0    24:27   0:00   3:17 
Daniel Sedin             0  0  0  -1  0   3  0  0  0  0  0/1    22:56   0:00   0:00 
Gabriel Bourque          0  0  0   0  0   1  4  0  0  0  0/0    24:02   0:00   1:36 
Jean-Gabriel Pageau      0  1  1   1  0   0  1  0  0  0  8/17   12:59   0:00   4:21 
Joel Ward                0  0  0   0  0   0  0  0  0  0  0/1     7:31   0:00   0:00 
Kyle Brodziak            0  0  0   0  0   5  0  0  0  0  7/13   17:28   0:00   1:36 
Luca Sbisa               0  0  0   0  0   0  0  0  0  0  0/0     0:00   0:00   0:00 
Mark Fistric             0  0  0   0  0   0  1  0  0  0  0/0    18:50   0:00   3:17 
Maxim Lapierre           0  0  0  -1  2   1  0  0  0  0  12/28  19:18   0:00   0:00 
Mike Santorelli          1  1  2   1  0   1  0  0  0  0  0/0    14:32   0:00   0:00 
Olli Jokinen             0  1  1   0  4   3  1  1  0  0  7/12   19:51   0:00   1:20 
Pierre-Alexandr Parentea 0  0  0   0  0   3  0  0  0  0  2/2    11:23   0:00   0:00 
Ryan Ellis               1  0  1   1  0   2  2  1  0  0  0/0    22:56   0:00   2:40 
Tom Gilbert              0  1  1   0  0   0  3  0  0  0  0/0    21:46   0:00   2:40 

3 Stars

1 - Carl Hagelin (PHI)
2 - Mike Santorelli (PHI)
3 - Ryan Ellis (PHI)

Power Play

Canadiens - 0 on 3 Attempt(s) - 0.00%
Flyers - 0 on 0 Attempt(s) - 0.00%

Penalty Kill

Canadiens - 0 on 0 Attempt(s) - 0.00% - Score 0 goal in Penalty Kill
Flyers - 3 on 3 Attempt(s) - 100.00% - Score 1 goal in Penalty Kill

Team Stat

Canadiens - Hits : 29 - Faceoff Wins : 39 - Blocked Shots : 6 - Penalty Minutes : 2
Flyers - Hits : 13 - Faceoff Wins : 37 - Blocked Shots : 4 - Penalty Minutes : 8

Official

Referees : Dan O'Rourke and Mike Hasenfratz
Linesman : John Grandt and Brian Mach

Game Notes

Damien Brunner is injured at 9:21 of 1st period (Left Hip)

Finance

Level 1 -- Attendance: 4770 (73.38%) -- Ticket Income $539,010
Level 2 -- Attendance: 4472 (89.44%) -- Ticket Income $353,288
Level 3 -- Attendance: 3223 (92.09%) -- Ticket Income $145,035
Level 4 -- Attendance: 2695 (76.19%) -- Ticket Income $70,070
Luxury Box -- Attendance: 773 (77.30%) -- Ticket Income $173,925
Game was played at the Wells Fargo Center.
Total Attendance: 15933 (81.55%)
Total Ticket Income: $1,281,328
Other Income: $192,199
Total Income: $1,473,527

% Time on Ice - Canadiens

Lines # - Real PCT - Wanted PCT - Time Play
Normal Forward
1 - 34% - 35% - 17:35
2 - 30% - 30% - 15:34
3 - 20% - 20% - 10:22
4 - 15% - 15% - 7:36
Normal Defense
1 - 35% - 38% - 17:56
2 - 37% - 38% - 18:41
3 - 14% - 12% - 7:04
4 - 15% - 12% - 7:26
PP Forward
1 - 48% - 60% - 2:52
2 - 52% - 40% - 3:05
PP Defense
1 - 53% - 60% - 3:09
2 - 47% - 40% - 2:48
PK Forward
1 - 0% - 50%
2 - 0% - 50%
PK Defense
1 - 0% - 60%
2 - 0% - 40%
PK3 Forward
1 - 0% - 60%
2 - 0% - 40%
PK3 Defense
1 - 0% - 60%
2 - 0% - 40%
44 Forward
1 - 70% - 50% - 1:23
2 - 30% - 50% - 0:36
44 Defense
1 - 59% - 50% - 1:10
2 - 41% - 50% - 0:49
Last Minute Offensive  - 0:57
Last Minute Defensive  - 0:00
Total
Forward - 60:00
Defense - 60:00

% Time on Ice - Flyers

Lines # - Real PCT - Wanted PCT - Time Play
Normal Forward
1 - 37% - 40% - 19:19
2 - 28% - 35% - 14:32
3 - 21% - 20% - 10:37
4 - 14% - 5% - 7:13
Normal Defense
1 - 37% - 45% - 19:01
2 - 32% - 30% - 16:45
3 - 27% - 15% - 14:08
4 - 3% - 10% - 1:47
PP Forward
1 - 0% - 60%
2 - 0% - 40%
PP Defense
1 - 0% - 60%
2 - 0% - 40%
PK Forward
1 - 86% - 60% - 5:08
2 - 14% - 40% - 0:49
PK Defense
1 - 55% - 60% - 3:17
2 - 45% - 40% - 2:40
PK3 Forward
1 - 0% - 60%
2 - 0% - 40%
PK3 Defense
1 - 0% - 60%
2 - 0% - 40%
44 Forward
1 - 71% - 60% - 1:25
2 - 29% - 40% - 0:34
44 Defense
1 - 29% - 60% - 0:34
2 - 71% - 40% - 1:25
Last Minute Offensive  - 0:00
Last Minute Defensive  - 0:23
Total
Forward - 60:00
Defense - 60:00

Play by Play

1st period


0:01 of 1st period - Jonathan Toews wins face-off versus Damien Brunner in neutral zone.
0:14 of 1st period - Shot by Damien Brunner.
0:14 of 1st period - Stopped by Jonathan Bernier without a rebound.
0:15 of 1st period - Carl Hagelin wins face-off versus Martin Hanzal in Canadiens zone.
0:31 of 1st period - Martin Hanzal is hit by Tom Gilbert and loses puck.
0:34 of 1st period - Shot by Josh Bailey.
0:34 of 1st period - Shot Blocked by Olli Jokinen.
0:36 of 1st period - Shot by Blake Comeau.
0:36 of 1st period - Goal by Blake Comeau - Canadiens : 1 - Flyers : 0.
0:37 of 1st period - Kyle Brodziak wins face-off versus Shawn Horcoff in neutral zone.
0:37 of 1st period - Pierre-Alexandr Parenteau is hit by Dale Weise and loses puck.
1:11 of 1st period - Shot by Jakob Silfverberg.
1:11 of 1st period - Stopped by Frederik Andersen without a rebound.
1:12 of 1st period - Maxim Lapierre wins face-off versus Stephen Gionta in Flyers zone.
2:01 of 1st period - Icing by Ryan Ellis.
2:02 of 1st period - Jonathan Toews wins face-off versus Maxim Lapierre in Flyers zone.
2:31 of 1st period - Shot by Jonathan Toews.
2:31 of 1st period - Stopped by Frederik Andersen without a rebound.
2:32 of 1st period - Martin Hanzal wins face-off versus Olli Jokinen in Flyers zone.
2:47 of 1st period - Mike Santorelli is hit by Cam Fowler and loses puck.
3:11 of 1st period - Mike Santorelli is hit by Jonathan Ericsson and loses puck.
3:21 of 1st period - Icing by Josh Bailey.
3:22 of 1st period - Martin Hanzal wins face-off versus Kyle Brodziak in Canadiens zone.
3:42 of 1st period - Pierre-Alexandr Parenteau is hit by Jonathan Ericsson and loses puck.
3:48 of 1st period - Gabriel Bourque is hit by Jonathan Ericsson and loses puck.
3:57 of 1st period - Shot by Pierre-Alexandr Parenteau.
3:57 of 1st period - Stopped by Jonathan Bernier without a rebound.
3:58 of 1st period - Jean-Gabriel Pageau wins face-off versus Jonathan Toews in Canadiens zone.
4:19 of 1st period - Shot by Jonathan Toews.
4:19 of 1st period - Stopped by Frederik Andersen without a rebound.
4:20 of 1st period - Olli Jokinen wins face-off versus Shawn Horcoff in Flyers zone.
4:20 of 1st period - Olli Jokinen is hit by Dale Weise.
5:01 of 1st period - Shot by Olli Jokinen.
5:01 of 1st period - Shot Blocked by Adam Larsson.
5:03 of 1st period - Shot by Mike Santorelli.
5:03 of 1st period - Goal by Mike Santorelli - Canadiens : 1 - Flyers : 1.
5:04 of 1st period - Jonathan Toews wins face-off versus Daniel Sedin in neutral zone.
5:17 of 1st period - Shot by Jordan Eberle.
5:17 of 1st period - Shot Blocked by Dan Boyle.
5:19 of 1st period - Shot by Alexander Steen.
5:19 of 1st period - Shot Misses the Net.
5:21 of 1st period - Shot by Jason Demers.
5:21 of 1st period - Stopped by Frederik Andersen with a rebound.
5:23 of 1st period - Shot by Jonathan Toews.
5:23 of 1st period - Shot Misses the Net.
5:46 of 1st period - Shot by Jonathan Toews.
5:46 of 1st period - Stopped by Frederik Andersen without a rebound.
5:47 of 1st period - Kyle Brodziak wins face-off versus Stephen Gionta in Flyers zone.
5:47 of 1st period - Pierre-Alexandr Parenteau is hit by Stephen Gionta and loses puck.
6:54 of 1st period - Shot by Carl Hagelin.
6:54 of 1st period - Deflect By Mike Santorelli.
6:54 of 1st period - Shot Misses the Net.
6:56 of 1st period - Shot by Carl Hagelin.
6:56 of 1st period - Shot Misses the Net.
7:14 of 1st period - Shot by Carl Hagelin.
7:14 of 1st period - Stopped by Jonathan Bernier with a rebound.
8:02 of 1st period - Off-side.
8:03 of 1st period - Shawn Horcoff wins face-off versus Jean-Gabriel Pageau in neutral zone.
8:22 of 1st period - Shot by Daniel Sedin.
8:22 of 1st period - Shot Blocked by Cam Fowler.
8:29 of 1st period - Off-side.
8:30 of 1st period - Jonathan Toews wins face-off versus Kyle Brodziak in neutral zone.
8:49 of 1st period - Shot by Alexander Steen.
8:49 of 1st period - Stopped by Frederik Andersen with a rebound.
9:09 of 1st period - Icing by Kyle Brodziak.
9:10 of 1st period - Shawn Horcoff wins face-off versus Kyle Brodziak in Flyers zone.
9:19 of 1st period - Shot by Dale Weise.
9:19 of 1st period - Stopped by Frederik Andersen without a rebound.
9:20 of 1st period - Maxim Lapierre wins face-off versus Martin Hanzal in Flyers zone.
9:20 of 1st period - Damien Brunner is hit by Martin Hanzal and loses puck.
9:21 of 1st period - Damien Brunner from Flyers is injured at 9:21 of 1st period (Left Hip).
9:22 of 1st period - Jakob Silfverberg wins face-off versus Maxim Lapierre in Flyers zone.
9:57 of 1st period - Shot by Shawn Horcoff.
9:57 of 1st period - Goal by Shawn Horcoff - Canadiens : 2 - Flyers : 1.
9:58 of 1st period - Pierre-Alexandr Parenteau wins face-off versus Jonathan Toews in neutral zone.
10:29 of 1st period - Icing by Jason Demers.
10:30 of 1st period - Olli Jokinen wins face-off versus Jonathan Toews in Canadiens zone.
12:06 of 1st period - Shot by Maxim Lapierre.
12:06 of 1st period - Shot Blocked by Cam Fowler.
12:25 of 1st period - Stephen Gionta is hit by Gabriel Bourque and loses puck.
12:56 of 1st period - Jason Demers is hit by Gabriel Bourque and loses puck.
13:44 of 1st period - Carlo Colaiacovo is hit by Jordan Eberle and loses puck.
14:06 of 1st period - Icing by Adam Larsson.
14:07 of 1st period - Josh Bailey wins face-off versus Olli Jokinen in Canadiens zone.
14:07 of 1st period - Josh Bailey is hit by Olli Jokinen.
15:17 of 1st period - Shot by Pierre-Alexandr Parenteau.
15:17 of 1st period - Shot Misses the Net.
16:43 of 1st period - Icing by Ian Cole.
16:44 of 1st period - Olli Jokinen wins face-off versus Jordan Eberle in Canadiens zone.
17:11 of 1st period - Shot by Carl Hagelin.
17:11 of 1st period - Deflect By Olli Jokinen.
17:11 of 1st period - Stopped by Jonathan Bernier without a rebound.
17:12 of 1st period - Kyle Brodziak wins face-off versus Stephen Gionta in Canadiens zone.
17:15 of 1st period - Shot by Gabriel Bourque.
17:15 of 1st period - Stopped by Jonathan Bernier with a rebound.
17:17 of 1st period - Shot by Mark Fistric.
17:17 of 1st period - Shot Misses the Net.
17:19 of 1st period - Shot by Kyle Brodziak.
17:19 of 1st period - Stopped by Jonathan Bernier with a rebound.
17:21 of 1st period - Shot by Gabriel Bourque.
17:21 of 1st period - Deflect By Kyle Brodziak.
17:21 of 1st period - Stopped by Jonathan Bernier with a rebound.
17:23 of 1st period - Shot by Mark Fistric.
17:23 of 1st period - Shot Misses the Net.
17:38 of 1st period - Gabriel Bourque is hit by Jonathan Ericsson.
17:44 of 1st period - Shot by Kyle Brodziak.
17:44 of 1st period - Stopped by Jonathan Bernier without a rebound.
17:45 of 1st period - Maxim Lapierre wins face-off versus Jordan Eberle in Canadiens zone.
17:50 of 1st period - Shot by Damon Severson.
17:50 of 1st period - Shot Misses the Net.
17:59 of 1st period - Maxim Lapierre is hit by Jason Demers and loses puck.
18:29 of 1st period - Icing by Ian Cole.
18:30 of 1st period - Jonathan Toews wins face-off versus Kyle Brodziak in Canadiens zone.
19:49 of 1st period - Shot by Carl Hagelin.
19:49 of 1st period - Deflect By Olli Jokinen.
19:49 of 1st period - Stopped by Jonathan Bernier without a rebound.
19:50 of 1st period - Martin Hanzal wins face-off versus Maxim Lapierre in Canadiens zone.
Goals for this period are 2 for Canadiens vs 1 for Flyers.
Shots for this period are 9 for Canadiens vs 10 for Flyers.

2nd period


0:01 of 2nd period - Maxim Lapierre wins face-off versus Martin Hanzal in neutral zone.
0:04 of 2nd period - Shot by Ryan Ellis.
0:04 of 2nd period - Shot Blocked by Josh Bailey.
0:13 of 2nd period - Icing by Maxim Lapierre.
0:14 of 2nd period - Shawn Horcoff wins face-off versus Maxim Lapierre in Flyers zone.
0:15 of 2nd period - Shot by Jakob Silfverberg.
0:15 of 2nd period - Shot Misses the Net.
0:23 of 2nd period - Icing by Ryan Ellis.
0:24 of 2nd period - Martin Hanzal wins face-off versus Maxim Lapierre in Flyers zone.
0:29 of 2nd period - Shot by Josh Bailey.
0:29 of 2nd period - Shot Misses the Net.
0:32 of 2nd period - Icing by Dan Boyle.
0:33 of 2nd period - Maxim Lapierre wins face-off versus Shawn Horcoff in Flyers zone.
0:50 of 2nd period - Shot by Daniel Sedin.
0:50 of 2nd period - Shot Misses the Net.
0:56 of 2nd period - Shot by Daniel Sedin.
0:56 of 2nd period - Stopped by Jonathan Bernier with a rebound.
0:58 of 2nd period - Shot by Ryan Ellis.
0:58 of 2nd period - Shot Hit the Post.
1:00 of 2nd period - Shot by Dan Boyle.
1:00 of 2nd period - Shot Misses the Net.
1:02 of 2nd period - Shot by Ryan Ellis.
1:02 of 2nd period - Stopped by Jonathan Bernier with a rebound.
1:38 of 2nd period - Shot by Carl Hagelin.
1:38 of 2nd period - Stopped by Jonathan Bernier without a rebound.
1:39 of 2nd period - Martin Hanzal wins face-off versus Jean-Gabriel Pageau in Canadiens zone.
1:39 of 2nd period - Martin Hanzal is hit by Jean-Gabriel Pageau.
1:42 of 2nd period - Icing by Josh Bailey.
1:43 of 2nd period - Olli Jokinen wins face-off versus Martin Hanzal in Canadiens zone.
2:35 of 2nd period - Icing by Ian Cole.
2:36 of 2nd period - Martin Hanzal wins face-off versus Maxim Lapierre in Canadiens zone.
2:40 of 2nd period - Off-side.
2:41 of 2nd period - Jonathan Toews wins face-off versus Maxim Lapierre in neutral zone.
3:31 of 2nd period - Off-side.
3:32 of 2nd period - Chris Stewart wins face-off versus Olli Jokinen in neutral zone.
3:32 of 2nd period - Minor Penalty to Olli Jokinen for High sticking.
3:33 of 2nd period - Martin Hanzal wins face-off versus Jean-Gabriel Pageau in Flyers zone.
3:42 of 2nd period - Shot by Ian Cole.
3:42 of 2nd period - Stopped by Frederik Andersen without a rebound.
3:43 of 2nd period - Jean-Gabriel Pageau wins face-off versus Martin Hanzal in Flyers zone.
3:43 of 2nd period - Jean-Gabriel Pageau is hit by Blake Comeau.
4:54 of 2nd period - Off-side.
4:55 of 2nd period - Jean-Gabriel Pageau wins face-off versus Jonathan Toews in neutral zone.
5:08 of 2nd period - Shot by Jean-Gabriel Pageau.
5:08 of 2nd period - Deflect By Carl Hagelin.
5:08 of 2nd period - Shot Misses the Net.
5:10 of 2nd period - Shot by Dan Boyle.
5:10 of 2nd period - Shot Misses the Net.
5:12 of 2nd period - Shot by Carl Hagelin.
5:12 of 2nd period - Goal by Carl Hagelin - Canadiens : 2 - Flyers : 2.
5:13 of 2nd period - Blake Comeau wins face-off versus Kyle Brodziak in neutral zone.
5:26 of 2nd period - Shot by Josh Bailey.
5:26 of 2nd period - Shot Misses the Net.
5:28 of 2nd period - Shot by Blake Comeau.
5:28 of 2nd period - Deflect By Martin Hanzal.
5:28 of 2nd period - Shot Hit the Post.
5:30 of 2nd period - Shot by Cam Fowler.
5:30 of 2nd period - Stopped by Frederik Andersen without a rebound.
5:31 of 2nd period - Jean-Gabriel Pageau wins face-off versus Jonathan Toews in Flyers zone.
5:31 of 2nd period - Jean-Gabriel Pageau is hit by Alexander Steen.
5:37 of 2nd period - Shot by Jason Demers.
5:37 of 2nd period - Stopped by Frederik Andersen with a rebound.
5:50 of 2nd period - Icing by Carlo Colaiacovo.
5:51 of 2nd period - Jonathan Toews wins face-off versus Maxim Lapierre in Flyers zone.
5:56 of 2nd period - Shot by Jonathan Toews.
5:56 of 2nd period - Stopped by Frederik Andersen without a rebound.
5:57 of 2nd period - Jonathan Toews wins face-off versus Olli Jokinen in Flyers zone.
6:16 of 2nd period - Shot by Mike Santorelli.
6:16 of 2nd period - Shot Misses the Net.
7:24 of 2nd period - Josh Bailey is hit by Damon Severson and loses puck.
8:04 of 2nd period - Jean-Gabriel Pageau is hit by Adam Larsson and loses puck.
8:10 of 2nd period - Stephen Gionta is hit by Mark Fistric.
8:31 of 2nd period - Jean-Gabriel Pageau is hit by Dan Girardi and loses puck.
9:38 of 2nd period - Mike Santorelli is hit by Jonathan Ericsson.
9:53 of 2nd period - Dale Weise is hit by Tom Gilbert and loses puck.
10:01 of 2nd period - Icing by Daniel Sedin.
10:02 of 2nd period - Maxim Lapierre wins face-off versus Jonathan Toews in Flyers zone.
10:02 of 2nd period - Maxim Lapierre is hit by Alexander Steen.
10:11 of 2nd period - Shot by Alexander Steen.
10:11 of 2nd period - Stopped by Frederik Andersen without a rebound.
10:12 of 2nd period - Maxim Lapierre wins face-off versus Martin Hanzal in Flyers zone.
10:51 of 2nd period - Shot by Martin Hanzal.
10:51 of 2nd period - Shot Misses the Net.
11:38 of 2nd period - Minor Penalty to Dan Boyle for Hooking.
11:38 of 2nd period - Minor Penalty to Jonathan Toews for Holding.
11:39 of 2nd period - Jean-Gabriel Pageau wins face-off versus Martin Hanzal in Flyers zone.
12:00 of 2nd period - Shot by Josh Bailey.
12:00 of 2nd period - Shot Blocked by Ryan Ellis.
12:02 of 2nd period - Shot by Adam Larsson.
12:02 of 2nd period - Shot Misses the Net.
13:37 of 2nd period - Icing by Cam Fowler.
13:38 of 2nd period - Maxim Lapierre wins face-off versus Stephen Gionta in Canadiens zone.
14:40 of 2nd period - Icing by Ian Cole.
14:41 of 2nd period - Kyle Brodziak wins face-off versus Stephen Gionta in Canadiens zone.
14:57 of 2nd period - Carlo Colaiacovo is hit by Jonathan Ericsson and loses puck.
15:28 of 2nd period - Shot by Alexander Steen.
15:28 of 2nd period - Stopped by Frederik Andersen with a rebound.
15:30 of 2nd period - Shot by Cam Fowler.
15:30 of 2nd period - Stopped by Frederik Andersen without a rebound.
15:31 of 2nd period - Martin Hanzal wins face-off versus Maxim Lapierre in Flyers zone.
15:48 of 2nd period - Icing by Adam Larsson.
15:49 of 2nd period - Olli Jokinen wins face-off versus Martin Hanzal in Canadiens zone.
16:09 of 2nd period - Shot by Blake Comeau.
16:09 of 2nd period - Stopped by Frederik Andersen without a rebound.
16:10 of 2nd period - Jonathan Toews wins face-off versus Maxim Lapierre in Flyers zone.
16:17 of 2nd period - Shot by Jonathan Toews.
16:17 of 2nd period - Stopped by Frederik Andersen with a rebound.
16:19 of 2nd period - Shot by Alexander Steen.
16:19 of 2nd period - Stopped by Frederik Andersen without a rebound.
16:20 of 2nd period - Maxim Lapierre wins face-off versus Shawn Horcoff in Flyers zone.
16:20 of 2nd period - Maxim Lapierre is hit by Dale Weise.
16:25 of 2nd period - Damon Severson is hit by Jonathan Ericsson and loses puck.
17:21 of 2nd period - Off-side.
17:22 of 2nd period - Olli Jokinen wins face-off versus Jonathan Toews in neutral zone.
17:31 of 2nd period - Shot by Mike Santorelli.
17:31 of 2nd period - Shot Misses the Net.
17:39 of 2nd period - Shot by Jordan Eberle.
17:39 of 2nd period - Shot Misses the Net.
17:48 of 2nd period - Jordan Eberle is hit by Ryan Ellis and loses puck.
17:53 of 2nd period - Shot by Jonathan Toews.
17:53 of 2nd period - Stopped by Frederik Andersen without a rebound.
17:54 of 2nd period - Martin Hanzal wins face-off versus Joel Ward in Flyers zone.
19:22 of 2nd period - Shot by Pierre-Alexandr Parenteau.
19:22 of 2nd period - Stopped by Jonathan Bernier without a rebound.
19:23 of 2nd period - Jonathan Toews wins face-off versus Olli Jokinen in Canadiens zone.
19:45 of 2nd period - Shot by Mike Santorelli.
19:45 of 2nd period - Shot Blocked by Dan Girardi.
19:47 of 2nd period - Shot by Ryan Ellis.
19:47 of 2nd period - Goal by Ryan Ellis - Canadiens : 2 - Flyers : 3.
19:48 of 2nd period - Maxim Lapierre wins face-off versus Shawn Horcoff in neutral zone.
19:48 of 2nd period - Tom Gilbert is hit by Dale Weise and loses puck.
Goals for this period are 0 for Canadiens vs 2 for Flyers.
Shots for this period are 11 for Canadiens vs 6 for Flyers.

3rd period


0:01 of 3rd period - Jonathan Toews wins face-off versus Maxim Lapierre in neutral zone.
0:08 of 3rd period - Shot by Alexander Steen.
0:08 of 3rd period - Shot Blocked by Dan Boyle.
0:38 of 3rd period - Shot by Daniel Sedin.
0:38 of 3rd period - Shot Misses the Net.
0:40 of 3rd period - Shot by Maxim Lapierre.
0:40 of 3rd period - Stopped by Jonathan Bernier without a rebound.
0:41 of 3rd period - Olli Jokinen wins face-off versus Martin Hanzal in Canadiens zone.
0:57 of 3rd period - Josh Bailey is hit by Tom Gilbert and loses puck.
1:09 of 3rd period - Minor Penalty to Olli Jokinen for Hooking.
1:10 of 3rd period - Jonathan Toews wins face-off versus Jean-Gabriel Pageau in Flyers zone.
1:18 of 3rd period - Icing by Cam Fowler.
1:19 of 3rd period - Jonathan Toews wins face-off versus Jean-Gabriel Pageau in Canadiens zone.
1:24 of 3rd period - Shot by Alexander Steen.
1:24 of 3rd period - Stopped by Frederik Andersen without a rebound.
1:25 of 3rd period - Jean-Gabriel Pageau wins face-off versus Jonathan Toews in Flyers zone.
1:25 of 3rd period - Dan Boyle is hit by Alexander Steen and loses puck.
1:50 of 3rd period - Shot by Jonathan Toews.
1:50 of 3rd period - Shot Misses the Net.
1:52 of 3rd period - Shot by Adam Larsson.
1:52 of 3rd period - Stopped by Frederik Andersen without a rebound.
1:53 of 3rd period - Martin Hanzal wins face-off versus Jean-Gabriel Pageau in Flyers zone.
3:08 of 3rd period - Dan Boyle is hit by Jonathan Toews and loses puck.
3:13 of 3rd period - Shot by Jakob Silfverberg.
3:13 of 3rd period - Stopped by Frederik Andersen without a rebound.
3:14 of 3rd period - Stephen Gionta wins face-off versus Maxim Lapierre in Flyers zone.
3:31 of 3rd period - Cam Fowler is hit by Gabriel Bourque and loses puck.
3:36 of 3rd period - Shot by Daniel Sedin.
3:36 of 3rd period - Stopped by Jonathan Bernier with a rebound.
3:38 of 3rd period - Shot by Daniel Sedin.
3:38 of 3rd period - Stopped by Jonathan Bernier without a rebound.
3:39 of 3rd period - Jonathan Toews wins face-off versus Kyle Brodziak in Canadiens zone.
3:53 of 3rd period - Alexander Steen is hit by Ryan Ellis and loses puck.
6:21 of 3rd period - Carlo Colaiacovo is hit by Dale Weise and loses puck.
6:54 of 3rd period - Shot by Chris Stewart.
6:54 of 3rd period - Shot Misses the Net.
8:38 of 3rd period - Damon Severson is hit by Blake Comeau and loses puck.
9:34 of 3rd period - Damon Severson is hit by Ian Cole and loses puck.
9:57 of 3rd period - Shot by Pierre-Alexandr Parenteau.
9:57 of 3rd period - Stopped by Jonathan Bernier without a rebound.
9:58 of 3rd period - Jonathan Toews wins face-off versus Maxim Lapierre in Canadiens zone.
10:25 of 3rd period - Shot by Kyle Brodziak.
10:25 of 3rd period - Stopped by Jonathan Bernier without a rebound.
10:26 of 3rd period - Martin Hanzal wins face-off versus Maxim Lapierre in Canadiens zone.
10:54 of 3rd period - Shot by Martin Hanzal.
10:54 of 3rd period - Stopped by Frederik Andersen without a rebound.
10:55 of 3rd period - Kyle Brodziak wins face-off versus Jonathan Toews in Flyers zone.
12:32 of 3rd period - Icing by Dan Girardi.
12:33 of 3rd period - Maxim Lapierre wins face-off versus Martin Hanzal in Canadiens zone.
12:49 of 3rd period - Icing by Daniel Sedin.
12:50 of 3rd period - Shawn Horcoff wins face-off versus Maxim Lapierre in Flyers zone.
13:05 of 3rd period - Jakob Silfverberg is hit by Gabriel Bourque and loses puck.
13:30 of 3rd period - Shot by Dale Weise.
13:30 of 3rd period - Shot Misses the Net.
13:50 of 3rd period - Shot by Olli Jokinen.
13:50 of 3rd period - Stopped by Jonathan Bernier without a rebound.
13:51 of 3rd period - Jordan Eberle wins face-off versus Jean-Gabriel Pageau in Canadiens zone.
13:58 of 3rd period - Shot by Jordan Eberle.
13:58 of 3rd period - Stopped by Frederik Andersen with a rebound.
14:00 of 3rd period - Shot by Alexander Steen.
14:00 of 3rd period - Stopped by Frederik Andersen without a rebound.
14:01 of 3rd period - Maxim Lapierre wins face-off versus Martin Hanzal in Flyers zone.
14:21 of 3rd period - Minor Penalty to Maxim Lapierre for Holding Stick.
14:22 of 3rd period - Jonathan Toews wins face-off versus Jean-Gabriel Pageau in Flyers zone.
14:25 of 3rd period - Shot by Adam Larsson.
14:25 of 3rd period - Shot Misses the Net.
14:45 of 3rd period - Shot by Jordan Eberle.
14:45 of 3rd period - Shot Misses the Net.
14:57 of 3rd period - Mark Fistric is hit by Jordan Eberle and loses puck.
15:18 of 3rd period - Shot by Kyle Brodziak.
15:18 of 3rd period - Shot Misses the Net.
15:20 of 3rd period - Shot by Tom Gilbert.
15:20 of 3rd period - Shot Blocked by Adam Larsson.
15:22 of 3rd period - Shot by Kyle Brodziak.
15:22 of 3rd period - Stopped by Jonathan Bernier without a rebound.
15:23 of 3rd period - Jean-Gabriel Pageau wins face-off versus Martin Hanzal in Canadiens zone.
15:52 of 3rd period - Shot by Blake Comeau.
15:52 of 3rd period - Shot Misses the Net.
16:01 of 3rd period - Icing by Jason Demers.
16:02 of 3rd period - Kyle Brodziak wins face-off versus Martin Hanzal in Canadiens zone.
16:06 of 3rd period - Icing by Ian Cole.
16:07 of 3rd period - Martin Hanzal wins face-off versus Jean-Gabriel Pageau in Canadiens zone.
16:29 of 3rd period - Daniel Sedin is hit by Dan Girardi and loses puck.
16:35 of 3rd period - Icing by Dan Girardi.
16:36 of 3rd period - Pierre-Alexandr Parenteau wins face-off versus Stephen Gionta in Canadiens zone.
16:54 of 3rd period - Off-side.
16:55 of 3rd period - Jonathan Toews wins face-off versus Maxim Lapierre in neutral zone.
17:40 of 3rd period - Shot by Jordan Eberle.
17:40 of 3rd period - Shot Misses the Net.
18:28 of 3rd period - Carl Hagelin is hit by Martin Hanzal and loses puck.
18:48 of 3rd period - Icing by Jason Demers.
18:49 of 3rd period - Jean-Gabriel Pageau wins face-off versus Martin Hanzal in Canadiens zone.
19:14 of 3rd period - Shot by Joel Ward.
19:14 of 3rd period - Shot Misses the Net.
19:20 of 3rd period - Canadiens, Jonathan Bernier is pulled from the net.
19:36 of 3rd period - Shot by Jordan Eberle.
19:36 of 3rd period - Stopped by Frederik Andersen without a rebound.
19:37 of 3rd period - Kyle Brodziak wins face-off versus Shawn Horcoff in Flyers zone.
19:59 of 3rd period - Shot by Ryan Ellis.
19:59 of 3rd period - Shot Misses the Net.
Goals for this period are 0 for Canadiens vs 0 for Flyers.
Shots for this period are 7 for Canadiens vs 7 for Flyers.